Map: Site Delta LE

Players

SubN - Winner!

  • Race: Zerg Zerg
  • League: Diamond
  • Spawn Location: 5:00

PhoeniXXIX

  • Race: Protoss Protoss
  • League: Platinum
  • Spawn Location: 11:00

VOD

Have the link to the VOD?

Description

Time

  • Played on: Jan. 22, 2024, 5:57 p.m.
  • Length: 9:54
Show
View Real Time Build Order
Export as new Build Order

SubN Zerg - Winner!

Build Orders: Pool First 

Get SALT Encoding   

  12  0:00  Drone  
  13  0:12  Overlord  
  13  0:16  Drone  
  14  0:30  Drone x2  
  16  0:44  Spawning Pool  
  16  0:45  Drone  
  16  0:53  Drone  
  17  1:09  Hatchery  
  16  1:12  Drone  
  16  1:15  Drone  
  18  1:26  Overlord  
  18  1:33  Zergling x2  
  18  1:35  Queen  
  18  1:39  Extractor  
  20  1:40  Zergling x2  
  21  1:49  Drone  
  22  1:59  Drone  
  23  2:10  Drone  
  24  2:20  Queen  
  24  2:21  Queen  
  28  2:23  Zergling x4  
  30  2:44  Zergling x8  
  33  3:03  Zergling x2  
  33  3:04  Zergling x2  
  35  3:11  Overlord x2  
  32  3:15  Zergling x4  
  29  3:26  Zergling x4  
  30  3:33  Zergling x6  
  26  3:42  Zergling x4  
  23  4:07  Drone x5, Spine Crawler  
  27  4:16  Zergling x4  
  28  4:26  Spine Crawler  
  24  4:32  Queen  
  26  4:39  Metabolic Boost  
  26  4:48  Queen  
  28  5:03  Zergling x8  
  27  5:20  Zergling x10  
  28  5:31  Zergling x2, Spine Crawler  
  26  5:43  Zergling x4  
  26  5:44  Zergling x2  
  26  5:47  Zergling x2  
  26  5:56  Zergling x2  
  27  6:00  Queen  
  29  6:10  Drone x4  
  31  6:25  Zergling x8  
  30  6:39  Spine Crawler  
  25  6:56  Drone x6  
  31  7:08  Zergling x6  
  34  7:11  Roach Warren  
  33  7:32  Zergling x2  
  33  7:33  Zergling x8  
  37  7:51  Spine Crawler  
  36  7:53  Zergling x6  
  36  7:55  Zergling x2  
  32  8:07  Queen x2  
  32  8:09  Zergling x4  
  34  8:15  Zergling x4  
  36  8:28  Drone  
  36  8:29  Drone, Roach Warren  
  37  8:41  Drone x2  
  39  8:42  Queen  
  39  8:43  Queen  
  43  8:56  Zergling x6  
  46  9:04  Spine Crawler  
  46  9:09  Zergling x6  
  41  9:18  Queen, Roach x4  
  48  9:30  Roach x2  
  50  9:36  Drone  
Show
View Real Time Build Order
Export as new Build Order

PhoeniXXIX Protoss 

Build Orders:  

Get SALT Encoding   

  12  0:00  Probe  
  13  0:12  Probe  
  14  0:22  Pylon  
  14  0:24  Probe  
  15  0:37  Pylon  
  15  0:40  Probe  
  16  0:52  Probe  
  16  0:56  Gateway  
  17  1:03  Gateway  
  17  1:14  Gateway  
  17  1:24  Gateway  
  17  1:43  Zealot (Chrono Boost)  
  17  1:46  Pylon  
  19  1:50  Zealot (Chrono Boost)  
  23  2:08  Zealot (Chrono Boost)  
  25  2:09  Zealot x2 (Chrono Boost)  
  25  2:14  Zealot (Chrono Boost)  
  29  2:28  Zealot x2  
  29  2:29  Zealot  
  34  2:47  Pylon  
  32  3:14  Zealot x2  
  32  3:15  Zealot  
  36  3:21  Zealot  
  30  3:42  Zealot (Chrono Boost)  
  30  3:48  Zealot (Chrono Boost)  
  30  3:49  Zealot (Chrono Boost)  
  32  3:57  Zealot (Chrono Boost)  
  32  4:01  Probe  
  33  4:03  Zealot (Chrono Boost)  
  33  4:08  Zealot  
  37  4:10  Zealot  
  39  4:29  Zealot (Chrono Boost)  
  35  4:36  Zealot (Chrono Boost)  
  39  4:43  Zealot (Chrono Boost)  
  39  4:45  Zealot (Chrono Boost)  
  39  4:49  Zealot (Chrono Boost)  
  41  4:56  Zealot  
  39  5:18  Zealot x2  
  39  5:19  Zealot  
  41  5:23  Zealot  
  35  5:49  Zealot x2 (Chrono Boost)  
  39  5:50  Zealot (Chrono Boost)  
  39  5:51  Zealot (Chrono Boost)  
  33  6:14  Zealot (Chrono Boost)  
  33  6:16  Zealot x3 (Chrono Boost)  
  37  6:37  Zealot (Chrono Boost)  
  39  6:40  Zealot (Chrono Boost)  
  39  6:44  Zealot x2 (Chrono Boost)  
  41  7:04  Zealot (Chrono Boost)  
  41  7:08  Zealot (Chrono Boost)  
  47  7:10  Zealot (Chrono Boost)  
  47  7:16  Zealot  
  45  7:24  Zealot  
  45  7:29  Zealot  
  47  7:34  Zealot  
  47  7:56  Zealot  
  47  7:57  Zealot x2  
  47  8:01  Zealot (Chrono Boost)  
  35  8:23  Zealot (Chrono Boost)  
  35  8:24  Zealot (Chrono Boost)  
  37  8:31  Zealot (Chrono Boost)  
  39  8:35  Zealot (Chrono Boost)  
  39  8:41  Zealot x2 (Chrono Boost)  
  43  8:51  Zealot  
  43  8:55  Zealot  
  47  9:08  Zealot  
  47  9:09  Zealot  
  41  9:19  Zealot  
  41  9:22  Zealot  
Tags
 
Add a new tag
Caveats
  • Supply blocks, unpowered buildings, or Contaminate may cause inaccurate times.
  • Supply counts are checked every 10 seconds.